 Dungeon Crawl Stone Soup version 0.24.0-123-gd5b16e6ec5 (webtiles) character file.

Game seed: 2306113790778744049, levelgen mode: deterministic

898 FishyPogo the Stinger (level 7, -3/50 HPs)
             Began as a White Draconian Venom Mage on Dec 28, 2019.
             Was an Initiate of Sif Muna.
             Killed by nerve-wracking pain
             ... invoked by a shadow imp
              (11 damage)
             ... on level 5 of the Dungeon.
             The game lasted 00:17:26 (4713 turns).

FishyPogo the Stinger (White Draconian Venom Mage)  Turns: 4713, Time: 00:17:28

Health: -3/50      AC:  6    Str: 11    XL:     7   Next: 79%
Magic:  12/14      EV: 12    Int: 16    God:    Sif Muna [......]
Gold:   278        SH:  0    Dex: 12    Spells: 4/16 levels left

rFire    . . .     SeeInvis .   j - +3 short sword
rCold    + . .     Gourm    .   (no shield)
rNeg     . . .     Faith    .   (armour unavailable)
rPois    .         Spirit   .   (helmet restricted)
rElec    .         Reflect  .   (no cloak)
rCorr    .         Harm     .   (no gloves)
MR       .....                  (no boots)
Stlth    ++........             (no amulet)
HPRegen  0.16/turn              (no ring)
MPRegen  0.14/turn              (no ring)

@: lethally poisoned (-3 -> -10), short of breath
A: breathe frost, unfitting armour, cold resistance 1, cold-blooded, AC +6
a: Breathe Frost, Renounce Religion


You were on level 5 of the Dungeon.
You worshipped Sif Muna.
Sif Muna was noncommittal.
You were hungry.

You visited 1 branch of the dungeon, and saw 5 of its levels.

You collected 278 gold pieces.

Inventory:

Hand Weapons
 f - a +1 whip of electrocution
 j - a +3 short sword (weapon)
Missiles
 a - 6 javelins (quivered)
 t - 11 poisoned darts
Jewellery
 u - the amulet "Cyob" {RegenMP rElec MR+ MP+9, unknown}
   (You found it on level 5 of the Dungeon)

   [amulet of magic regeneration]

   It increases your magic regeneration.
   It insulates you from electricity.
   It affects your resistance to hostile enchantments.
   It affects your magic capacity (+9).
Wands
 l - a wand of clouds (6)
Scrolls
 d - 4 scrolls of teleportation {unknown}
 e - 2 scrolls of noise {unknown}
 g - a scroll of immolation {unknown}
 i - 4 scrolls of identify {unknown}
 n - a scroll of enchant weapon {unknown}
 o - a scroll of enchant armour {unknown}
 q - a scroll of remove curse {unknown}
 s - a scroll of magic mapping {unknown}
Potions
 c - a potion of cancellation {unknown}
 h - a potion of curing {unknown}
 k - a potion of brilliance {unknown}
 m - a potion of magic {unknown}
 p - a potion of berserk rage {unknown}
Comestibles
 b - 7 rations
 r - 9 chunks of flesh


   Skills:
 - Level 2.0 Dodging
 - Level 2.0 Stealth
 + Level 5.2 Spellcasting
 + Level 4.0 Conjurations
 + Level 1.2 Summonings
 * Level 2.6 Air Magic
 + Level 5.4 Poison Magic


You had 4 spell levels left.
You knew the following spells:

 Your Spells              Type           Power        Failure   Level  Hunger
a - Sting                 Conj/Pois      ###.         2%          1    None
b - Poisonous Vapours     Pois/Air       ###...       4%          2    #......
c - Mephitic Cloud        Conj/Pois/Air  ###.....     9%          3    ###....
d - Magic Dart            Conj           ###.         2%          1    None
j - Conjure Flame         Conj/Fire      ##......     21%         3    ###....
p - Call Imp              Summ           #.......     14%         2    #......

Your spell library contained the following spells:

 Spells                   Type           Power        Failure   Level  Hunger
 Olgreb's Toxic Radiance  Pois           ###.....     16%         4    ####...
 Blink                    Tloc           N/A          22%         2    #......
 Slow                     Hex            #.......     22%         2    #......
 Venom Bolt               Conj/Pois      ###.......   52%         5    ######.


Dungeon Overview and Level Annotations

Branches:
Dungeon (5/15)             Temple (0/1) D:4

Altars:
Sif Muna


Innate Abilities, Weirdness & Mutations

You can breathe waves of freezing cold.
You can buffet flying creatures when you breathe cold.
Your icy white scales are hard. (AC +6)
You cannot fit into any form of body armour.
Your flesh is cold resistant. (rC+)
You are cold-blooded and may be slowed by cold attacks.


Message History

A beastly little devil appears in a puff of flame.
You feel sick. The shadow imp gestures at you.
You struggle to resist.
You are too injured to fight recklessly!
You hit the shadow imp.
The shadow imp is heavily wounded.
You feel sick. The shadow imp hits you.
* * * LOW HITPOINT WARNING * * *
Your crimson imp barely misses the shadow imp.
* * * LOW HITPOINT WARNING * * *
You feel sick.
Your crimson imp barely misses the shadow imp.
You closely miss the shadow imp.
The shadow imp is heavily wounded.
* * * LOW HITPOINT WARNING * * *
You feel sick. The shadow imp gestures at you. Pain shoots through your body!
You die...

#####....###.#.# #.....#
...........#.#.# #..#..#
##########.#.#.#####.....#
##########)#...............
##......##)#........####.#.
..................5.'....
......).)....#...†......)
...........##..).5....#
..........#.#...@...#....
##......##.#........# .
#.#....#.##....##+###
.#.####.#.#....#
#.##..##.#.....#
.##....##......#
....[..........#
...............#
.##....##......##


You could see a shadow imp and a friendly crimson imp.

Vanquished Creatures
  A sky beast (D:5)
  2 ogres (D:4)
  2 centaurs (D:5)
  A scorpion (D:5)
  A hound (D:4)
  An orc priest (D:3)
  An iguana (D:4)
  An orc wizard (D:3)
  A bullfrog skeleton (D:4)
  3 worker ants
  A hound zombie (D:5)
  A howler monkey skeleton (D:4)
  3 gnolls (D:4)
  7 adders
  A shadow imp (D:5)
  2 oozes (D:2)
  2 worms
  2 dart slugs
  3 leopard geckos
  10 orcs
  3 giant cockroaches
  6 goblins
  8 hobgoblins
  A jackal (D:5)
  7 kobolds
  4 quokkas
  A ball python (D:2)
  5 bats
  5 frilled lizards
  A giant cockroach zombie (D:5)
  5 rats
92 creatures vanquished.

Notes
Turn   | Place    | Note
-------+----------+-------------------------------------------
     0 | D:1      | FishyPogo the Draconian Venom Mage began the quest for the
                  | Orb.
     0 | D:1      | Reached XP level 1. HP: 14/14 MP: 3/3
   330 | D:1      | Reached XP level 2. HP: 20/20 MP: 1/5
   630 | D:1      | Learned a level 2 spell: Poisonous Vapours
  1131 | D:2      | Reached XP level 3. HP: 21/26 MP: 0/6
  1189 | D:2      | Learned a level 3 spell: Mephitic Cloud
  1407 | D:2      | Reached XP level 4. HP: 32/33 MP: 0/7
  2490 | D:3      | Found a shimmering blue altar of Sif Muna.
  2498 | D:3      | Became a worshipper of Sif Muna the Loreminder
  2606 | D:3      | Learned a level 1 spell: Magic Dart
  2905 | D:4      | Reached XP level 5. HP: 23/38 MP: 1/9
  3138 | D:4      | Noticed an ogre
  3295 | D:4      | Killed an ogre
  3295 | D:4      | Reached skill level 5 in Poison Magic
  3295 | D:4      | Reached XP level 6. HP: 31/45 MP: 3/11
  3300 | D:4      | Learned a level 3 spell: Conjure Flame
  3400 | D:4      | Found a staircase to the Ecumenical Temple.
  3689 | D:4      | Your scales start taking on an icy white colour.
  3689 | D:4      | Reached XP level 7. HP: 50/50 MP: 6/14
  3689 | D:4      | Gained mutation: Your flesh is cold resistant. (rC+) [White
                  | Draconian growth]
  4098 | D:5      | Entered Level 5 of the Dungeon
  4239 | D:5      | Reached skill level 5 in Spellcasting
  4239 | D:5      | Reached skill level 1 in Air Magic
  4277 | D:5      | Learned a level 2 spell: Call Imp
  4560 | D:5      | Got a warped emerald amulet
  4665 | D:5      | Reached skill level 1 in Summonings
  4713 | D:5      | Killed from afar by a shadow imp

Levels and vault maps discovered:
D:1:      wander_arrival_lonely_grave, layout_basic, minmay_misc_feat_ornament
D:2:      layout_loops_ring
D:3:      layout_basic, lemuel_coloured_pillars_altar
D:4:      layout_loops_corners, minmay_temple_entry_butterflies, minivault_24,
          hangedman_abyss_or_decor_stabs
D:5:      layout_basic, first_ration, minmay_misc_feat_secret_circle,
          hangedman_abyss_or_decor_passed

Skill      XL: |  1  2  3  4  5  6  7 |
---------------+----------------------+-----
Dodging        | 2 |  2.0
Stealth        | 2 |  2.0
Conjurations   | 2 3 4 |  4.0
Poison Magic   | 4 5 |  5.4
Spellcasting   | 3 4 5 |  5.2
Air Magic      | 2 |  2.6
Summonings     | 1 |  1.2

Action                   |  1- 3 |  4- 6 |  7- 9 || total
-------------------------+-------+-------+-------++-------
Melee: Dagger            |    27 |     2 |       ||    29
       Unarmed           |     3 |       |       ||     3
       Tailslap          |     4 |     9 |     4 ||    17
       Short sword       |       |    55 |    43 ||    98
Throw: Stone             |       |     3 |       ||     3
 Cast: Sting             |    49 |    77 |    18 ||   144
       Poisonous Vapours |     8 |    10 |     5 ||    23
       Mephitic Cloud    |       |     3 |     1 ||     4
       Magic Dart        |       |     9 |     8 ||    17
       Call Imp          |       |       |     4 ||     4
 Abil: Breathe Frost     |       |       |     5 ||     5
  Eat: Chunk             |     3 |     8 |     4 ||    15
Armor: Skin              |     4 |    15 |    11 ||    30
Dodge: Dodged            |    16 |    32 |    35 ||    83
